 Dungeon Crawl Stone Soup version 0.28.0-53-g5a82cb258f (webtiles) character file.

Game seed: 17915542379106013960

516 worthlessgem the Changer (level 7, 20/31 HPs)
             Began as a Felid Transmuter on Aug 22, 2022.
             Quit the game on level 4 of the Dungeon on Aug 23, 2022.
             The game lasted 00:27:49 (4491 turns).

worthlessgem the Changer (Felid Transmuter)         Turns: 4491, Time: 00:27:49

Health: 20/31      AC:  2    Str:  6    XL:     7   Next: 0%
Magic:  9/12       EV: 22    Int: 17    God:
Gold:   25         SH:  0    Dex: 21    Spells: 8/12 levels left
                                        Lives:  1   Deaths: 1

rFire   . . .      SeeInvis +     - Unarmed
rCold   . . .      Faith    .   (shield unavailable)
rNeg    . . .      Spirit   .   (armour unavailable)
rPois   x          Reflect  .   (helmet unavailable)
rElec   .          Harm     .   (cloak unavailable)
rCorr   .          Rampage  .   (gloves unavailable)
Will    +....                   (boots unavailable)
Stlth   ++........              g - amulet of regeneration
HPRegen 0.90/turn               (no ring)
MPRegen 0.13/turn               (no ring)

@: mildly poisoned (20 -> 15), spider-form
A: venomous fangs, tiny, (claws 1), (fangs 3), see invisible, (speed 1), (shaggy
fur 2), (stealthy paws), no weapons or thrown items, no armour, multi-lived
a: End Transformation


You were on level 4 of the Dungeon.
You were a venomous arachnid creature.
You visited 1 branch of the dungeon, and saw 4 of its levels.
You also visited: Ossuary.

You collected 58 gold pieces.
You spent 33 gold pieces at shops.

Inventory:

Missiles
 a - 138 stones
Jewellery
 g - an amulet of regeneration (around neck)
 m - an amulet of faith
Scrolls
 b - a scroll of amnesia
 c - a scroll of blinking
 e - a scroll of fog
 j - a scroll of immolation
 k - 7 scrolls of noise
Potions
 f - a potion of berserk rage
 h - a potion of resistance
 n - 3 potions of flight {unknown}
 o - 2 potions of curing {unknown}
 s - a potion of ambrosia {unknown}
 t - a potion of cancellation {unknown}
 u - a potion of haste {unknown}


   Skills:
 + Level 3.9 Fighting
 - Level 3.8 Dodging
 - Level 3.3 Unarmed Combat
 - Level 3.0 Spellcasting
 - Level 6.0 Transmutations
 - Level 3.0 Ice Magic
 - Level 2.0 Poison Magic


You had 8 spell levels left.
You knew the following spells:

 Your Spells              Type           Power      Damage    Failure   Level
a - Beastly Appendage     Tmut           44%        N/A       7%          1
b - Spider Form           Tmut/Pois      16%        N/A       24%         3

Your spell library contained the following spells:

 Spells                   Type           Power      Damage    Failure   Level
 Wereblood                Tmut           22%        N/A       9%          2
 Ice Form                 Ice/Tmut       17%        N/A       47%         4
 Summon Guardian Golem    Hex/Summ       2%         N/A       67%         3
 Orb of Destruction       Conj           1%         9d5       100%        7
 Spellforged Servitor     Conj/Summ      1%         N/A       100%        7


Dungeon Overview and Level Annotations

Branches:
Dungeon (4/15)            Ossuary (visited)
 Temple: D:4-7

Altars:
Cheibriados
Hepliaklqana
Kikubaaqudgha
Beogh

Shops:
D:3 [*

Annotations:
D:2 exclusions: adder and phantom, Natasha, Sigmund


Innate Abilities, Weirdness & Mutations

You are a venomous arachnid creature.
You have poisonous fangs.
You are tiny and dextrous.
Your spellcasting is less reliable in this form.
((You have sharp claws.))
((You have razor-sharp teeth.))
You have supernaturally acute eyesight. (SInv)
((You cover ground quickly. (Speed+)))
((You are covered in thick fur. (AC +2)))
((Your paws help you pounce on unaware monsters.))
You are incapable of wielding weapons or throwing items.
You cannot wear armour.
You gain extra lives every three experience levels.


Message History

As you read the scroll labelled VUSMEH FOPE, it crumbles to dust.
You feel strangely unstable.
It was a scroll of teleportation.
Okay, then.
You start waiting.
Your surroundings suddenly seem different.
You start waiting.
You feel a bit more experienced.
b - a scroll of amnesia You feel your willpower return.
A scorpion comes into view.
Casting: Spider Form (quite dangerous; 10% risk of failure)
Confirm with . or Enter, or press ? or * to list all spells.
The spell is quite dangerous to miscast (10% risk of failure)!
Continue anyway?
You turn into a venomous arachnid creature.
The scorpion misses you.
You hit the scorpion but do no damage. The scorpion barely misses you.
You barely miss the scorpion. The scorpion completely misses you.
You hit the scorpion.
The scorpion is poisoned.
The scorpion is moderately wounded.
The scorpion misses you.
You hit the scorpion.
The scorpion is severely wounded.
The scorpion completely misses you. The scorpion stings you.
You are poisoned.
The scorpion poisons you!
You hit the scorpion.
You kill the scorpion!
You feel very sick.
Training target 3.0 for Ice Magic reached!
Your Ice Magic skill increases to level 3!
Welcome back to level 7!
No target in view!
As you read the scroll labelled BOBOGO KIMAEB, it crumbles to dust.
You assume a fearsome visage.
Nothing appears to happen.
It was a scroll of fear.
You feel very sick.
As you read the scroll labelled BISEDANASY, it crumbles to dust.
You feel aware of your surroundings.
It was a scroll of magic mapping.
You feel very sick.
Are you sure you want to abandon this character and quit the game? (Confirm with "yes".)

.## *** ***
#.###### ###
*,* *,*
##..##.# #.#
*,* **#**,*
##....## #.#
*,***..,,**
##....## ##.#
*,,,...,,**
##....###..#
*,,...#**,* *
#.###....##
*##..#** *** **
#.#
####..###....#
,** #.##
#....s...#* ,,*
#..##
#.########* ,,*
###.####.#
*,*** ,**
##.##..# *#..,*
** #..#..##
*..*** *
##.....##**#.#*
#..###..##..##
#.## **......#
*** #.#
*#....,###,*


There were no monsters in sight!

Vanquished Creatures
  Eustachio (D:4)
  Menkaure (D:4)
  A scorpion (D:4)
  2 orc priests (D:3)
  3 centaur zombies (Ossuary)
  A jelly (D:4)
  A bullfrog skeleton (D:3)
  A scorpion zombie (D:3)
  2 hound skeletons
  5 mummies (Ossuary)
  Robin (D:2)
  7 adders
  An adder zombie (D:3)
  3 worms
  3 dart slugs
  7 orcs
  8 ball pythons
  6 endoplasms
  3 gnoll zombies (Ossuary)
  9 goblins
  10 hobgoblins
  2 jackals (D:4)
  A ball python skeleton (D:3)
  A ball python zombie (D:3)
  4 bats
  3 frilled lizards (D:1)
  5 kobolds
  A kobold zombie (Ossuary)
  An orc zombie (Ossuary)
  5 rats
99 creatures vanquished.

Vanquished Creatures (others)
  A withered plant (D:3)
1 creature vanquished.

Grand Total: 100 creatures vanquished

Notes
Turn   | Place    | Note
-------+----------+-------------------------------------------
     0 | D:1      | worthlessgem the Felid Transmuter began the quest for the
                  | Orb.
     0 | D:1      | Reached XP level 1. HP: 9/9 MP: 4/4
   600 | D:1      | Reached XP level 2. HP: 9/12 MP: 4/6
   697 | D:1      | Found a faded altar of an unknown god.
  1376 | D:2      | Noticed Robin
  1393 | D:2      | Noticed a phantom
  1402 | D:2      | Reached XP level 3. HP: 13/15 MP: 5/8
  1613 | D:2      | Noticed Natasha
  1632 | D:2      | Learned a level 3 spell: Spider Form
  1665 | D:2      | Reached skill level 3 in Transmutations
  2018 | D:2      | Noticed Sigmund
  2117 | D:2      | Killed Robin
  2121 | D:2      | Reached skill level 1 in Poison Magic
  2224 | D:2      | Reached XP level 4. HP: 19/19 MP: 6/9
  2673 | D:3      | Found a snail-covered altar of Cheibriados.
  2713 | D:3      | Found a hazy altar of Hepliaklqana.
  2731 | D:3      | Found Biryrog's General Store.
  2743 | D:3      | Bought a scroll of noise for 11 gold pieces
  2771 | D:3      | Found Ylahogip's Armour Shoppe.
  2842 | D:3      | Reached skill level 4 in Transmutations
  2843 | D:3      | Bought a scroll of identify for 22 gold pieces
  2924 | D:3      | Reached XP level 5. HP: 21/22 MP: 10/10
  3268 | D:3      | Reached skill level 5 in Transmutations
  3403 | D:3      | Identified the +2 buckler of Rotation {rF+ rN++}
  3525 | D:3      | Gained mutation: You are covered in thick fur. (AC +2)
                  | [Felid growth]
  3525 | D:3      | Reached XP level 6. HP: 25/25 MP: 9/11
  3877 | D:4      | Found an ancient bone altar of Kikubaaqudgha.
  3884 | D:4      | Noticed Menkaure
  3898 | D:4      | Killed Menkaure
  3899 | D:4      | Reached skill level 6 in Transmutations
  3921 | D:4      | Found a sand-covered staircase.
  3925 | Ossuary  | Entered an ossuary
  4009 | Ossuary  | Reached skill level 1 in Ice Magic
  4067 | Ossuary  | Reached XP level 7. HP: 30/30 MP: 12/12
  4418 | D:4      | Noticed Eustachio
  4430 | D:4      | Killed from afar by a white imp
  4431 | D:4      | Reached XP level 6. HP: 0/28 MP: 10/11
  4439 | D:4      | Killed Eustachio
  4489 | D:4      | Reached XP level 7. HP: 24/31 MP: 9/12
  4491 | D:4      | Quit the game

Illustrated notes

Levels and vault maps discovered:
D:1:      minmay_arrival_shattered_statue, layout_basic,
          hellmonk_ecumenical_altar_defaced_shrine, minmay_misc_feat_rows,
          minmay_misc_feat_pillars, minmay_tromino_v4_a
D:2:      layout_loops_ring, uniq_robin, uniq_natasha, uniq_sigmund
D:3:      layout_loops_ring, mainiacjoe_overflow_concentric_impassable,
          lemuel_crystal_altar, serial_undead, serial_undead_c, serial_undead_c,
          serial_undead_d, serial_undead_e, serial_shops, nicolae_shop_crystal,
          shop
D:4:      layout_layer_cave, lemuel_doored_altar, enter_ossuary_5,
          uniq_menkaure, uniq_eustachio, uniq_pikel

Skill      XL: |  1  2  3  4  5  6  7 |
---------------+----------------------+-----
Spellcasting   | 3 |  3.0
Transmutations | 3 4 5 6 |  6.0
Poison Magic   | 1 2 |  2.0
Dodging        | 3 |  3.8
Ice Magic      | 3 2 |  3.0
Fighting       | 2 3 |  3.9
Unarmed Combat | |  3.3

Action                   |  1- 3 |  4- 6 |  7- 9 || total
-------------------------+-------+-------+-------++-------
Melee: Unarmed           |    82 |   169 |    60 ||   311
       Headbutt          |    12 |    31 |    10 ||    53
       Bite              |     8 |    21 |     8 ||    37
       Punch             |     1 |     3 |     1 ||     5
 Cast: Beastly Appendage |    18 |    25 |     5 ||    48
       Spider Form       |       |    10 |     1 ||    11
 Abil: End Transformatio |       |     1 |       ||     1
  Use: Scroll            |       |     6 |     6 ||    12
 Stab: Sleeping          |     1 |     2 |     1 ||     4
       Distracted        |       |     1 |       ||     1
Armor: Skin              |     1 |     5 |     3 ||     9
Dodge: Dodged            |    51 |   119 |    44 ||   214
